 Dungeon Crawl Stone Soup version 0.28.0 (webtiles) character file.

Game seed: 13442820466413708582

231 Amplified the Skirmisher (level 5, -23/48 HPs)
             Began as a Minotaur Fighter on Feb 6, 2022.
             Killed from afar by Ijyb (32 damage)
             ... with a bolt of acid
             ... on level 3 of the Dungeon.
             The game lasted 00:06:10 (2525 turns).

Amplified the Skirmisher (Minotaur Fighter)         Turns: 2525, Time: 00:06:11

Health: -23/48     AC:  2    Str: 22    XL:     5   Next: 73%
Magic:  4/4        EV: 10    Int:  5    God:
Gold:   100        SH:  5    Dex: 10    Spells: 4/4 levels left

rFire   . . .      SeeInvis .   a - +0 war axe
rCold   + . .      Faith    .   c - +0 buckler
rNeg    . . .      Spirit   .   l - +0 ring mail {Will+}
rPois   .          Reflect  .   (helmet restricted)
rElec   .          Harm     .   (no cloak)
rCorr   .          Rampage  .   (no gloves)
Will    ++...                   (no boots)
Stlth   ..........              (no amulet)
HPRegen 0.16/turn               e - ring of willpower
MPRegen 0.09/turn               g - ring of protection from cold

@: mighty, corroded
A: horns 2, retaliatory headbutt
a: no special abilities


You were on level 3 of the Dungeon.
You visited 1 branch of the dungeon, and saw 3 of its levels.

You collected 100 gold pieces.

Inventory:

Hand Weapons
 a - a +0 war axe (weapon)
Armour
 c - a +0 buckler (worn)
 l - a +0 ring mail of willpower (worn)
Jewellery
 e - a ring of willpower (left hand)
 g - a ring of protection from cold (right hand)
Scrolls
 h - a scroll of identify {unknown}
 i - a scroll of teleportation
 j - a scroll of amnesia {unknown}
Potions
 b - a potion of heal wounds {unknown}
 d - a potion of might
 f - a potion of resistance
 k - a potion of curing {unknown}
 m - a potion of attraction {unknown}


   Skills:
 * Level 5.3 Fighting
 * Level 4.2 Axes
 + Level 4.4 Armour
 * Level 5.1 Shields


You had 4 spell levels left.
You didn't know any spells.
Your spell library contained the following spells:

 Spells                   Type           Power      Damage    Failure   Level
 Conjure Flame            Conj/Fire      0%         6-21      97%         3
 Ignite Poison            Fire/Tmut/Pois 0%         N/A       97%         3
 Sticky Flame             Conj/Fire      0%         2d3       100%        4


Dungeon Overview and Level Annotations

Branches:
Dungeon (3/15)

Altars:

Annotations:
D:3 Grinder, Ijyb


Innate Abilities, Weirdness & Mutations

You have a pair of horns on your head.
You reflexively headbutt those who attack you in melee.


Message History

m - a dark potion No target in view!
You open the door.
Ijyb the Twisted Goblin comes into view.
She is wielding a +0 dagger and carrying a wand of acid (6).
Ijyb shouts!
There is an open door here.
Ijyb is nearby!
Ijyb closely misses you.
Ijyb is nearby!
You hit Ijyb. You headbutt Ijyb, but do no damage.
Ijyb is lightly wounded.
Ijyb hits you but does no damage.
Okay, then.
Press: ? - help, v - describe, . - travel
Here: Ijyb, wielding a +0 dagger, wearing a +0 leather armour and carrying a wand of acid (6) (lightly wounded)
The floor.
Unknown command.
You feel very mighty all of a sudden.
Ijyb zaps a wand.
The bolt of acid hits you!!
Ouch! That really hurt!
* * * LOW HITPOINT WARNING * * *
The acid corrodes you!
Unknown command.
Okay, then.
Okay, then.
You aren't carrying any items that you can evoke.
Unknown command.
You closely miss Ijyb.
Ijyb is lightly wounded.
Ijyb hits you with a +0 dagger.
* * * LOW HITPOINT WARNING * * *
Ijyb barely misses you.
Unknown command.
Unknown command.
Unknown command.
You hit Ijyb.
Ijyb is moderately wounded.
Ijyb zaps a wand.
The bolt of acid hits you!!
Ouch! That really hurt!
You die...

.#.#############
................
.#.##...........
...##....#####
########.##########.###
......................
##############.###..#.
##############'###.##.#
....<...........@g....#
..................#####
..................#
..................#
......#######......
......# .......#
......# ........#
......# #........#
#######


You could see Ijyb.

Vanquished Creatures
  Natasha (thrice) (D:2)
  Terence (D:3)
  3 gnolls (D:2)
  2 adders (D:2)
  A worm (D:2)
  5 dart slugs
  6 endoplasms
  13 giant cockroaches
  7 goblins
  5 hobgoblins
  2 jackals (D:1)
  2 kobolds (D:1)
  5 quokkas
  2 ball pythons (D:2)
  3 bats (D:2)
  3 frilled lizards (D:1)
  6 rats
69 creatures vanquished.

Notes
Turn   | Place    | Note
-------+----------+-------------------------------------------
     0 | D:1      | Amplified the Minotaur Fighter began the quest for the Orb.
     0 | D:1      | Reached XP level 1. HP: 19/19 MP: 0/0
   128 | D:1      | Reached XP level 2. HP: 24/27 MP: 1/1
   794 | D:1      | Reached XP level 3. HP: 28/33 MP: 2/2
  1258 | D:2      | Reached XP level 4. HP: 33/41 MP: 3/3
  1325 | D:2      | Noticed Natasha
  1331 | D:2      | Killed Natasha
  1655 | D:2      | Noticed Natasha
  1670 | D:2      | Killed Natasha
  1671 | D:2      | Reached XP level 5. HP: 44/47 MP: 4/4
  1731 | D:2      | Noticed Natasha
  1739 | D:2      | Killed Natasha
  1740 | D:2      | Reached skill level 5 in Fighting
  1740 | D:2      | Reached skill level 5 in Shields
  2194 | D:3      | Noticed Terence
  2200 | D:3      | Killed Terence
  2361 | D:3      | Noticed Grinder
  2519 | D:3      | Noticed Ijyb
  2525 | D:3      | Killed from afar by Ijyb

Illustrated notes

Levels and vault maps discovered:
D:1:      dpeg_arrival_rooms_b, layout_basic
D:2:      minmay_roachtagon, layout_loops_ring, uniq_natasha
D:3:      layout_basic, dilly_ecumenical_altar_fadedgnrine, minmay_pentangle,
          uniq_ijyb, uniq_terence, uniq_grinder

Skill      XL: |  1  2  3  4  5 |
---------------+----------------+-----
Shields        | 4 5 |  5.1
Fighting       | 4 5 |  5.3
Axes           | 3 4 |  4.2
Armour         | 4 |  4.4

Action                   |  1- 3 |  4- 6 || total
-------------------------+-------+-------++-------
Melee: War axe           |    73 |    67 ||   140
       Headbutt          |    12 |     9 ||    21
  Use: Potion            |     2 |     2 ||     4
       Scroll            |       |     1 ||     1
Armor: Scale mail        |    39 |     6 ||    45
       Ring mail         |       |    11 ||    11
Dodge: Dodged            |    28 |    32 ||    60
Block: Buckler           |    15 |    15 ||    30
